 Dungeon Crawl Stone Soup version 0.20-a0-4-gd166d5d (console) character file.

52 brucemayne the Chopper (level 3, -3/31 HPs)
             Began as a Hill Orc Monk on Oct 31, 2016.
             Killed from afar by an orc wizard (5 damage)
             ... with a puff of frost
             ... on level 3 of the Dungeon.
             The game lasted 00:03:29 (878 turns).

brucemayne the Chopper (Hill Orc Monk)               Turns: 878, Time: 00:03:30

Health: -3/31      AC:  4    Str: 14    XL:     3   Next: 85%
Magic:  3/3        EV: 12    Int: 10    God:
Gold:   71         SH:  0    Dex: 13    Spells: 0 memorised, 2 levels left

rFire  . . .     SeeInvis .     h - +3 dagger (venom)
rCold  . . .     Gourm    .     d - +0 leather armour
rNeg   . . .     Faith    .     (no shield)
rPois  .         Spirit   .     (no helmet)
rElec  .         Reflect  .     m - +0 cloak
rCorr  .         Harm     .     (no gloves)
MR     .....                    (no boots)
Stlth  ++........               i - amulet of magic regeneration
                                (no ring)
                                (no ring)

@: no status effects
A: no striking features
a: Convert to Beogh


You were on level 3 of the Dungeon.
You were not hungry.

You visited 1 branch of the dungeon, and saw 3 of its levels.

You collected 71 gold pieces.

Inventory:

Hand Weapons
 a - a +0 hand axe
 g - a +0 whip of freezing
 h - a +3 dagger of venom (weapon)
Armour
 b - a +0 robe
 d - a +0 leather armour (worn)
 m - a +0 cloak (worn)
Jewellery
 i - an amulet of magic regeneration (around neck)
Scrolls
 e - 2 scrolls of magic mapping {unknown}
 f - 2 scrolls of enchant weapon {unknown}
 k - a scroll of immolation {unknown}
Comestibles
 c - 3 bread rations


   Skills:
 - Level 3.6 Fighting
 + Level 6.1 Axes
 - Level 2.4 Dodging
 - Level 1.5 Stealth


You had 2 spell levels left.
You didn't know any spells.

Dungeon Overview and Level Annotations

Branches:
Dungeon (3/15)

Altars:
Dithmenos
Elyvilon
Sif Muna
Uskayaw
Xom


Message History

The orc wizard closely misses you.
The orc priest shouts, "Beogh is our master!
Accept the truth or die!"
The orc priest closely misses you. The orc hits you but does no damage.
It was a potion of magic.
Magic courses through your body. The orc wizard misses you.
The orc priest threatens, "By the altar or by the axe, you will meet Beogh!"
The orc priest hits you from afar with a trident.
* * * LOW HITPOINT WARNING * * *
The orc hits you but does no damage.
Unknown command.
You aren't carrying any potions.
Unknown command.
Okay, then.
The orc priest threatens, "By the altar or by the axe, you will meet Beogh!"
You hit the orc wizard but do no damage.
The orc wizard looks as sick as possible!
The orc wizard is heavily wounded.
The orc wizard gestures at you while chanting.
The puff of frost hits you!
You die...

#########
#.......#
#@#####.#
.....ooo#
#.#
#####o###
#.##########
#.
#....†<.....
#
############


You could see an orc priest, an orc wizard and 2 orcs.

Vanquished Creatures
  3 adders (D:2)
  A dart slug (D:1)
  4 bats
  A giant cockroach (D:2)
  6 goblins
  A hobgoblin (D:2)
  3 kobolds
  6 rats
25 creatures vanquished.

Notes
Turn   | Place    | Note
-------+----------+-------------------------------------------
     0 | D:1      | brucemayne the Hill Orc Monk began the quest for the Orb.
     0 | D:1      | Reached XP level 1. HP: 19/19 MP: 1/1
   188 | D:1      | Reached XP level 2. HP: 22/26 MP: 2/2
   351 | D:2      | Reached skill level 5 in Axes
   364 | D:2      | Reached XP level 3. HP: 22/31 MP: 3/3
   385 | D:2      | Found a white marble altar of Elyvilon.
   463 | D:2      | Found a shadowy altar of Dithmenos.
   495 | D:2      | Reached skill level 6 in Axes
   724 | D:2      | Found a faded altar of an unknown god.
   753 | D:2      | Found a hide-covered altar of Uskayaw.
   753 | D:2      | Found a deep blue altar of Sif Muna.
   763 | D:2      | Found a shimmering altar of Xom.
   878 | D:3      | Killed from afar by an orc wizard

Vault maps used:
D:1:      lightli_arrival_lavapool, item_on_display_a
D:2:      grunt_temple_overflow_open, grunt_dithmenos_smoke_and_mirrors,
          first_bread, ecumenical_altar_2, elyvilon_altar_1
D:3:      minmay_item_behind_shaft, minmay_misc_feat_pillars

Skill      XL: |  1  2  3 |
---------------+----------+-----
Axes           | 5 6 |  6.1
Fighting       | |  3.6
Dodging        | |  2.4
Stealth        | |  1.5

Action                   || total
-------------------------++-------
Melee: Hand axe          ||    44
       Dagger            ||    28
  Use: Potion            ||     4
 Stab: Sleeping          ||     2
Armor: Robe              ||     2
       Leather armour    ||    10
Dodge: Dodged            ||    53
